 Dungeon Crawl Stone Soup version 0.26-a0-649-gf8c6c3aab7 (webtiles) character file.

Game seed: 8719140702373710778

203 oldriver the Cudgeler (level 5, -5/34 HPs)
             Began as a Gargoyle Fighter on Sept 26, 2020.
             Slain by Terence
             ... wielding a +3 mace of distortion
              (16 damage)
             ... on level 3 of the Dungeon on Sept 27, 2020.
             The game lasted 00:03:14 (1947 turns).

oldriver the Cudgeler (Gargoyle Fighter)            Turns: 1947, Time: 00:03:15

Health: -5/34      AC: 15    Str: 20    XL:     5   Next: 81%
Magic:  5/5        EV:  3    Int:  8    God:
Gold:   107        SH:  9    Dex: 10    Spells: 4/4 levels left

rFire    . . .     SeeInvis .   a - +0 flail
rCold    . . .     Faith    .   c - +0 kite shield
rNeg     + . .     Spirit   .   n - +0 plate armour
rPois    ∞         Reflect  .   (no helmet)
rElec    +         Harm     .   (no cloak)
rCorr    .         Rampage  .   (no gloves)
MR       .....                  (no boots)
Stlth    ..........             (no amulet)
HPRegen  0.11/turn              (no ring)
MPRegen  0.09/turn              (no ring)

@: no status effects
A: negative energy resistance 1, electricity resistance, unbreathing,
petrification resistance, rot immunity, AC +4
a: no special abilities


You were on level 3 of the Dungeon.
You visited 1 branch of the dungeon, and saw 3 of its levels.

You collected 107 gold pieces.

Inventory:

Hand Weapons
 a - a +0 flail (weapon)
Armour
 b - a +0 scale mail
 c - a +0 kite shield (worn)
 n - a +0 plate armour (worn)
Jewellery
 f - an uncursed ring of flight {unknown}
 i - an uncursed amulet of guardian spirit {unknown}
Wands
 o - a wand of flame (10)
Scrolls
 e - 3 scrolls of identify {unknown}
 g - a scroll of immolation {unknown}
 h - a scroll of random uselessness {unknown}
 p - a scroll of enchant armour {unknown}
 r - a scroll of noise {unknown}
 s - a scroll of remove curse {unknown}
Potions
 d - 2 potions of might
 j - 2 potions of curing {unknown}
 k - a potion of berserk rage {unknown}
 l - a potion of heal wounds {unknown}
 m - a potion of flight {unknown}
 q - a potion of stabbing {unknown}


   Skills:
 + Level 4.7 Fighting
 * Level 4.9 Maces & Flails
 - Level 3.2 Armour
 - Level 3.2 Shields


You had 4 spell levels left.
You didn't know any spells.
Your spell library was empty.

Dungeon Overview and Level Annotations

Branches:
Dungeon (3/15)

Altars:
Okawaru
Xom
Yredelemnul

Annotations:
D:3 Terence


Innate Abilities, Weirdness & Mutations

You are resistant to torment.
Your stone body is resilient. (AC +4)
You are immune to poison.
You resist negative energy. (rN+)
You are resistant to electric shocks. (rElec)
You can survive without breathing.
You are immune to petrification.
You are immune to rotting.


Message History

You hit Terence but do no damage. Terence hits you but does no damage.
Space bends around you.
You hit Terence but do no damage. You block Terence's attack.
You hit Terence.
Terence is lightly wounded.
Terence barely misses you.
Okay, then.
You sock Terence!
Terence is heavily wounded.
You block Terence's attack.
You barely miss Terence.
Terence is heavily wounded.
Terence hits you but does no damage. Space bends around you.
You thump Terence!
Terence is almost dead.
Terence hits you but does no damage. Space warps horribly around you!
Your shield and plate armour prevent you from hitting Terence.
Terence is almost dead.
Terence hits you but does no damage. Space warps horribly around you!
You die...

##.# #### # ##...##
...####.###.....###.#
##......#........@..#
..........#.....######
.#.####..............#
.<.# #.##.###.###(#
.#.# .#. #@# #.# ##.#
....###@###.# ##.###
#.#..###_'...#####
#...# #
##.###'###.....# ###.#
#.# #.###.# #.# #.#
#.# #.# #.# ... ..#
#.# #.# .. ##.#### #>#
#.# #.# .# #.########
#.# #.# # .#
#.........


You could see Terence.

Vanquished Creatures
  Natasha (thrice) (D:2)
  4 adders
  4 worms (D:2)
  3 dart slugs
  2 leopard geckos
  3 giant cockroaches (D:1)
  5 hobgoblins
  5 jackals
  A quokka (D:3)
  12 bats
  2 frilled lizards
  7 goblins
  13 kobolds
  10 rats
74 creatures vanquished.

Notes
Turn   | Place    | Note
-------+----------+-------------------------------------------
     0 | D:1      | oldriver the Gargoyle Fighter began the quest for the Orb.
     0 | D:1      | Reached XP level 1. HP: 14/14 MP: 1/1
    62 | D:1      | Reached XP level 2. HP: 18/19 MP: 2/2
   324 | D:1      | Reached XP level 3. HP: 24/24 MP: 3/3
   579 | D:2      | Noticed Natasha
   769 | D:2      | Killed Natasha
   769 | D:2      | Reached XP level 4. HP: 27/29 MP: 4/4
   802 | D:2      | Found an iron altar of Okawaru.
   993 | D:2      | Noticed Natasha
  1029 | D:2      | Killed Natasha
  1169 | D:2      | Reached XP level 5. HP: 29/34 MP: 5/5
  1375 | D:2      | Found a basalt altar of Yredelemnul.
  1422 | D:2      | Noticed Natasha
  1429 | D:2      | Killed Natasha
  1704 | D:3      | Found a faded altar of an unknown god.
  1923 | D:3      | Found a shimmering altar of Xom.
  1935 | D:3      | Noticed Terence
  1947 | D:3      | Slain by Terence

Illustrated notes

Levels and vault maps discovered:
D:1:      dpeg_arrival_refuge, layout_rooms, st_stairs_9
D:2:      layout_basic, lemuel_crystal_altar, hex_tiny, okawaru_trees_2,
          uniq_natasha
D:3:      layout_loops_ring, lemuel_doored_altar,
          chequers_ecumenical_altar_island, uniq_terence

Skill      XL: |  1  2  3  4 |
---------------+-------------+-----
Maces & Flails | 3 4 |  4.9
Fighting       | 4 |  4.7
Armour         | |  3.2
Shields        | |  3.2

Action                   |  1- 3 |  4- 6 || total
-------------------------+-------+-------++-------
Melee: Flail             |   130 |   149 ||   279
Armor: Scale mail        |   112 |    51 ||   163
       Plate armour      |       |    45 ||    45
Dodge: Dodged            |    59 |    43 ||   102
Block: Kite shield       |    91 |    81 ||   172

Table legend: (Time is in decaauts)
 A = Elapsed time spent in this place.
 B = Non-inter-level travel time spent in this place.
 C = Inter-level travel time spent in this place.
 D = Time resting spent in this place.
 E = Time spent auto-exploring this place.
 F = Levels seen in this place.
 G = Mean time per level.
                   A        B        C        D        E       F      G
               +--------+--------+--------+--------+--------+-----+--------+
         Total |   2033 |   2011 |     22 |    265 |   1083 |   3 |  677.7 |
       Dungeon |   2033 |   2011 |     22 |    265 |   1083 |   3 |  677.7 |
               +--------+--------+--------+--------+--------+-----+--------+

Top non-repeatable levels by time:
     D:2: 906 daAuts
     D:1: 722 daAuts
     D:3: 404 daAuts
